 Dungeon Crawl Stone Soup version 0.18.1-50-g88ac8fd (webtiles) character file.

246 Iflex the Poker (level 6, -1/70 HPs)
             Began as a Merfolk Gladiator on Oct 1, 2016.
             Slain by an orc priest
             ... wielding a cursed -1 flail
              (3 damage)
             ... on level 4 of the Dungeon.
             The game lasted 00:09:44 (2624 turns).

Iflex the Poker (Merfolk Gladiator)                 Turns: 2624, Time: 00:09:45

Health: -1/70      AC:  5    Str: 21    XL:     6   Next: 11%
Magic:  6/6        EV: 15    Int:  8    God:
Gold:   134        SH:  0    Dex: 15    Spells: 0 memorised, 5 levels left

rFire  x . .     SeeInvis .     a - +0 trident
rCold  + . .     Gourm    .     b - +0 leather armour
rNeg   . . .     Faith    .     (no shield)
rPois  .         Spirit   .     c - +0 helmet
rElec  .         Dismiss  .     g - +0 cloak (curse)
rCorr  .         Reflect  .     (no gloves)
SustAt .         Harm     .     (no boots)
MR     .....                    y - amulet of rage
Stlth  ..........               (no ring)
                                i - ring of ice

@: berserking (expiring), very quick, not resistant to hostile enchantments,
extremely unstealthy
A: change form in water, swift swim
a: Evoke Berserk Rage


You were on level 4 of the Dungeon.
You were full.

You visited 1 branch of the dungeon, and saw 4 of its levels.

You collected 134 gold pieces.

Inventory:

Hand Weapons
 a - a +0 trident (weapon)
Missiles
 o - 114 stones (quivered)
Armour
 b - a +0 leather armour (worn)
 c - a +0 helmet (worn)
 e - a +1 chain mail of fire resistance
 g - a cursed +0 cloak (worn)
 t - a +0 cloak
 z - a +0 helmet
 D - a +0 pair of boots
Jewellery
 i - a ring of ice (left hand)
 u - an uncursed amulet of dismissal
 y - an amulet of rage (around neck)
Scrolls
 h - a scroll of random uselessness {unknown}
 k - a scroll of blinking {unknown}
 l - a scroll of enchant armour {unknown}
 m - a scroll of identify {unknown}
 p - 2 scrolls of magic mapping {unknown}
 w - a scroll of remove curse {unknown}
Potions
 j - a potion of resistance {unknown}
 n - a potion of lignification {unknown}
 q - a potion of heal wounds {unknown}
 r - 2 potions of curing {unknown}
 s - 2 potions of brilliance
 B - a potion of might {unknown}
 C - a potion of agility {unknown}
Miscellaneous
 v - a plain deck of wonders
Comestibles
 f - 3 bread rations
 x - a slice of pizza
 A - 2 chunks of flesh


   Skills:
 + Level 3.0 Fighting
 + Level 6.2 Polearms
 + Level 2.4 Throwing
 + Level 1.5 Armour
 + Level 5.4 Dodging
 + Level 2.3 Stealth


You had 5 spell levels left.
You didn't know any spells.

Dungeon Overview and Level Annotations

Branches:
Dungeon (4/15)
 Temple: D:4-7

Altars:
Nemelex Xobeh


Message History

You puncture the orc!
You kill the orc!
The orc priest calls down the wrath of Beogh upon you.
Beogh smites you!
* * * LOW HITPOINT WARNING * * *
Things that are here:
a whip; a ring mail; an orc corpse You puncture the orc priest!
The orc priest is heavily wounded.
You barely miss the orc priest.
The orc priest is heavily wounded.
The orc priest calls down the wrath of Beogh upon you.
Pain shoots through your body!
* * * LOW HITPOINT WARNING * * *
You hit the orc priest.
The orc priest is severely wounded.
You closely miss the orc priest.
The orc priest is severely wounded.
The orc priest hits you with a flail.
You die...

#####.....#....#......
.#....######...........########.#
.#... #..............### ####.#
....###.####..#......# #....#
....(...###...#......# #####.####
............#........###....<#
.....####..##.##.........#####
....####..###.##..>.....##
..o.(.##.####..o@.......#
..†o#o#>.......#........#
....#(...####.###########
<......#.####o######
....(..o.o(.o......#
.#...##.......####..#
...#........### ..####......##
........###..####...


You could see an orc priest.

Vanquished Creatures
  A scorpion (D:4)
  An orc priest (D:3)
  An orc wizard (D:3)
  5 adders
  4 worms
  4 dart slugs
  2 giant geckos
  6 orcs
  A ball python (D:3)
  2 giant cockroaches (D:3)
  8 goblins
  8 hobgoblins
  7 jackals
  4 kobolds
  A quokka (D:3)
  6 bats
  A giant newt (D:3)
  8 rats
70 creatures vanquished.

Notes
Turn   | Place    | Note
--------------------------------------------------------------
     0 | D:1      | Iflex the Merfolk Gladiator began the quest for the Orb.
     0 | D:1      | Reached XP level 1. HP: 16/16 MP: 1/1
   555 | D:1      | Reached XP level 2. HP: 22/22 MP: 2/2
   671 | D:2      | Reached skill level 5 in Polearms
   798 | D:2      | Reached XP level 3. HP: 28/28 MP: 3/3
   805 | D:2      | Found a sparkling altar of Nemelex Xobeh.
  1383 | D:3      | Reached XP level 4. HP: 34/34 MP: 4/4
  1432 | D:3      | Reached skill level 1 in Stealth
  1633 | D:3      | Found a faded altar to an unknown god.
  1734 | D:3      | Reached skill level 5 in Dodging
  1760 | D:3      | Reached skill level 1 in Armour
  1760 | D:3      | Reached XP level 5. HP: 33/39 MP: 5/5
  2450 | D:4      | Reached skill level 6 in Polearms
  2450 | D:4      | Reached XP level 6. HP: 47/47 MP: 6/6
  2622 | D:4      | HP: 1/70 [orc priest/nerve-wracking pain (8)]
  2624 | D:4      | Slain by an orc priest

Skill      XL: |  1  2  3  4  5 |
---------------+----------------+-----
Polearms       | 5 6 |  6.2
Stealth        | 1 2 |  2.3
Dodging        | 5 |  5.4
Armour         | 1 |  1.5
Fighting       | 3 |  3.0
Throwing       | |  2.4

Action                   |  1- 3 |  4- 6 || total
-------------------------+-------+-------++-------
Melee: Trident           |   100 |   136 ||   236
Throw: Throwing net      |     9 |    10 ||    19
       Stone             |       |     6 ||     6
 Abil: Evoke Berserk Rag |       |     2 ||     2
  Use: Potion            |     1 |       ||     1
 Stab: Held in net/web   |     3 |       ||     3
       Sleeping          |       |     2 ||     2
  Eat: Chunk             |     2 |     1 ||     3
       Bread ration      |       |     2 ||     2
Armor: Leather armour    |    18 |    30 ||    48
Dodge: Dodged            |    39 |    64 ||   103
